 Dungeon Crawl Stone Soup version 0.25-a0-785-gb22c70e859 (webtiles) character file.

Game seed: 2820714017231007089, levelgen mode: deterministic

191 Conn the Magician (level 5, -1/31 HPs)
             Began as an Octopode Wizard on Apr 17, 2020.
             Was an Initiate of Vehumet.
             Killed from afar by an orc wizard (10 damage)
             ... with a magic dart
             ... on level 3 of the Dungeon.
             The game lasted 00:09:41 (2276 turns).

Conn the Magician (Octopode Wizard)                 Turns: 2276, Time: 00:09:42

Health: -1/31      AC:  2    Str: 12    XL:     5   Next: 70%
Magic:  12/12      EV: 13    Int: 21    God:    Vehumet [......]
Gold:   159        SH:  0    Dex: 10    Spells: 2/13 levels left

rFire    + . .     SeeInvis .   p - +0 dagger (drain)
rCold    + . .     Gourm    .   (no shield)
rNeg     . . .     Faith    +   a - +1 hat
rPois    +         Spirit   .   b - amulet of faith
rElec    +         Reflect  .   t - +5 ring of strength
rCorr    +         Harm     .   (no ring)
MR       .....                  (no ring)
Stlth    +++.......             (no ring)
HPRegen  0.10/turn              (no ring)
MPRegen  0.13/turn              (no ring)
                                (no ring)
                                (no ring)

@: resistant, stab, very slightly contaminated
A: almost no armour, stealthy swim, amphibious, 8 rings, constrict 8, camouflage
1, gelatinous body 1
a: Renounce Religion


You were on level 3 of the Dungeon.
You worshipped Vehumet.
Vehumet was noncommittal.
You were not hungry.

You visited 1 branch of the dungeon, and saw 3 of its levels.

You collected 159 gold pieces.

Inventory:

Hand Weapons
 l - a +0 short sword
 p - a +0 dagger of draining (weapon)
Missiles
 e - 9 poisoned darts (quivered)
Armour
 a - a +1 hat (worn)
Jewellery
 b - an amulet of faith (around mantle)
 g - an uncursed ring of ice
 t - a +5 ring of strength (left tentacle)
Wands
 s - a wand of flame (15)
Scrolls
 f - 2 scrolls of teleportation
Potions
 d - a potion of mutation
Comestibles
 c - 5 rations


   Skills:
 + Level 0.3 Fighting
 + Level 1.1 Short Blades
 + Level 2.0 Dodging
 + Level 4.4 Stealth
 * Level 4.7 Spellcasting
 * Level 2.0 Conjurations
 + Level 1.1 Summonings
 + Level 1.0 Translocations


You had 2 spell levels left.
You knew the following spells:

 Your Spells              Type           Power        Failure   Level  Hunger
a - Magic Dart            Conj           ##..         4%          1    None
b - Blink                 Tloc           N/A          11%         2    #......
c - Call Imp              Summ           #.......     11%         2    #......
d - Conjure Flame         Conj/Fire      #.......     22%         3    ##.....
e - Mephitic Cloud        Conj/Pois/Air  #.......     26%         3    ##.....

Your spell library contained the following spells:

 Spells                   Type           Power        Failure   Level  Hunger
 Slow                     Hex            #.......     17%         2    #......


Dungeon Overview and Level Annotations

Branches:
Dungeon (3/15)

Altars:
Ashenzari
Dithmenos
Elyvilon
Fedhas
Hepliaklqana
Makhleb
Uskayaw
Vehumet
Wu Jian


Innate Abilities, Weirdness & Mutations

You cannot wear most types of armour.
You are very stealthy in the water. (Stealth+)
You are amphibious.
You can wear up to eight rings at the same time.
You can use your tentacles to constrict eight enemies at once.
Your skin changes colour to match your surroundings (Stealth+).
Your rubbery body absorbs attacks. (AC +1, EV +1)


Message History

* * * LOW HITPOINT WARNING * * *
It was a potion of resistance.
You feel protected. The orc hits you with a +0 rapier.
* * * LOW HITPOINT WARNING * * *
The orc wizard closely misses you.
You're too confused!
Okay, then.
Okay, then.
You're too confused to move!
The orc wizard barely misses you. The orc hits you but does no damage.
The orc wizard casts a spell at you. The puff of frost hits you. You resist.
* * * LOW HITPOINT WARNING * * *
All of the chunks of flesh in your inventory have rotted away.
You bump into the rock wall.
You feel less invigorated.
You feel less confused.
The orc wizard points at you and mumbles some strange words.
The magic dart hits you!
You die...

...#...#..###
...#...#....#
####...##.#.##
#⌠.##+##.⌠...###
#.........#....######
##.......#####......#
.........#.).#.####.#
.'..._...'...'.####.#
.#.......#...#..@o#.##
##.....[..####.##o...##
#.........#....##)....###
#⌠..#+#..⌠#.............#
####...####...###.....#.#
...#...#.............##.#
.......#......#####.## #
...#####.####.# #.#
.#.......# #.# #<#


You could see an orc wizard and an orc.

Vanquished Creatures
  A hungry ghost (D:3)
  3 adders (D:2)
  An ooze (D:2)
  4 worms (D:3)
  2 leopard geckos
  An orc (D:3)
  6 bats
  5 giant cockroaches
  4 goblins
  4 hobgoblins
  9 jackals
  4 kobolds
  A quokka (D:3)
  6 frilled lizards
  9 rats
60 creatures vanquished.

Vanquished Creatures (collateral kills)
  Terence (D:2)
  A worm (D:2)
  A frilled lizard (D:3)
3 creatures vanquished.

Grand Total: 63 creatures vanquished

Notes
Turn   | Place    | Note
-------+----------+-------------------------------------------
     0 | D:1      | Conn the Octopode Wizard began the quest for the Orb.
     0 | D:1      | Reached XP level 1. HP: 11/11 MP: 4/4
   486 | D:1      | Reached XP level 2. HP: 17/17 MP: 4/6
   490 | D:1      | Learned a level 2 spell: Blink
   493 | D:1      | Learned a level 2 spell: Call Imp
   762 | D:1      | Reached XP level 3. HP: 14/21 MP: 1/8
   940 | D:1      | You fall into a shaft and drop 1 floor!
  1205 | D:2      | Noticed Terence
  1246 | D:2      | Killed Terence
  1246 | D:2      | Reached XP level 4. HP: 14/27 MP: 1/10
  1894 | D:3      | Learned a level 3 spell: Conjure Flame
  1898 | D:3      | Learned a level 3 spell: Mephitic Cloud
  1984 | D:3      | Found a shattered altar of Ashenzari.
  2029 | D:3      | Reached XP level 5. HP: 28/31 MP: 11/11
  2070 | D:3      | Found a blossoming altar of Fedhas.
  2071 | D:3      | Found a shadowy altar of Dithmenos.
  2072 | D:3      | Found a hide-covered altar of Uskayaw.
  2073 | D:3      | Found a hazy altar of Hepliaklqana.
  2073 | D:3      | Found a burning altar of Makhleb.
  2073 | D:3      | Noticed a hungry ghost
  2075 | D:3      | Found an ornate altar of the Wu Jian Council.
  2075 | D:3      | Found a radiant altar of Vehumet.
  2076 | D:3      | Found a white marble altar of Elyvilon.
  2096 | D:3      | Killed a hungry ghost
  2096 | D:3      | Reached skill level 1 in Short Blades
  2117 | D:3      | Became a worshipper of Vehumet
  2270 | D:3      | HP: 1/31 [orc wizard/+0 whip (2)]
  2276 | D:3      | Killed from afar by an orc wizard

Levels and vault maps discovered:
D:1:      dpeg_arrival_water_temple_mockup, layout_basic
D:2:      layout_loops_ring, first_ration, uniq_terence
D:3:      layout_loops_ring, grunt_temple_overflow_open,
          evilmike_ruin_ashenzari, minmay_misc_feat_doors, minmay_misc_feat_rows

Skill      XL: |  1  2  3  4  5 |
---------------+----------------+-----
Spellcasting   | 4 |  4.7
Stealth        | 3 4 |  4.4
Short Blades   | 1 |  1.1
Conjurations   | 2 |  2.0
Fighting       | |  0.3
Dodging        | |  2.0
Summonings     | |  1.1
Translocations | |  1.0

Action                   |  1- 3 |  4- 6 || total
-------------------------+-------+-------++-------
Melee: Unarmed           |    16 |       ||    16
       Constrict         |    18 |     6 ||    24
       Tentacles         |     9 |     7 ||    16
       Short sword       |    39 |       ||    39
       Dagger            |     8 |    34 ||    42
 Cast: Magic Dart        |    35 |    23 ||    58
       Call Imp          |     3 |     3 ||     6
       Blink             |     1 |     1 ||     2
       Mephitic Cloud    |       |     1 ||     1
  Use: Potion            |     2 |     4 ||     6
       Scroll            |       |     6 ||     6
 Stab: Sleeping          |     3 |    13 ||    16
       Distracted        |       |     1 ||     1
  Eat: Chunk             |     1 |     4 ||     5
Armor: Skin              |     9 |     4 ||    13
Dodge: Dodged            |    37 |    15 ||    52

Table legend:
 A = Non-vault XP
 B = Vault XP
 C = Vault XP percentage of total XP
 D = Non-vault monster count
 E = Vault monster count
 F = Vault count percentage of total count
                 A         B        C        D         E       F
            +---------+---------+-------+---------+---------+-------
      Total |     251 |      23 |   8.4 |      62 |       1 |   1.6
            +---------+---------+-------+---------+---------+-------
        D:1 |      44 |       0 |   0.0 |      26 |       0 |   0.0
        D:2 |      74 |      23 |  23.7 |      19 |       1 |   5.0
        D:3 |     133 |       0 |   0.0 |      17 |       0 |   0.0
            +---------+---------+-------+---------+---------+-------
